Map: 블랙번 - 래더

Players

MasTeR - Winner!

  • Race: Protoss Protoss
  • League: Grandmaster

NeO

  • Race: Terran Terran
  • League: Master

VOD

Have the link to the VOD?

Description

Economic build that allow have a good map presence after mine drop. You take you third at a good time and go to colossus + chargelot (blink already done).

Time

  • Played on: June 11, 2021, 7:37 p.m.
  • Length: 11:59
Show
View Real Time Build Order
Export as new Build Order

MasTeR Protoss - Winner!

Build Orders: 1 Gate Expand, Blink Stalkers, Colossus Rush 

Get SALT Encoding   

  12  0:00  Probe  
  13  0:12  Probe  
  14  0:18  Pylon  
  14  0:24  Probe (Chrono Boost)  
  15  0:36  Gateway, Probe (Chrono Boost)  
  15  0:42  Assimilator  
  16  0:45  Probe (Chrono Boost)  
  17  0:52  Probe  
  18  1:04  Probe  
  19  1:16  Probe  
  20  1:23  Cybernetics Core  
  20  1:32  Nexus  
  20  1:39  Pylon  
  20  1:41  Probe  
  21  1:47  Assimilator  
  21  1:53  Probe  
  22  1:57  Adept (Chrono Boost)  
  24  2:06  Probe  
  25  2:15  Warp Gate  
  25  2:18  Probe, Shield Battery  
  26  2:26  Stalker  
  28  2:30  Probe  
  28  2:37  Twilight Council  
  29  2:42  Probe (Chrono Boost)  
  30  2:45  Probe (Chrono Boost)  
  31  2:53  Probe (Chrono Boost)  
  31  2:54  Probe (Chrono Boost)  
  31  2:58  Probe (Chrono Boost)  
  33  2:59  Probe (Chrono Boost)  
  35  3:08  Probe  
  35  3:11  Probe  
  37  3:15  Gateway  
  37  3:20  Probe  
  37  3:23  Probe  
  39  3:30  Robotics Facility  
  39  3:33  Probe  
  40  3:35  Blink (Chrono Boost)  
  40  3:36  Probe  
  41  3:43  Assimilator  
  41  3:45  Probe  
  41  3:48  Gateway, Probe  
  43  3:51  Pylon  
  43  3:58  Probe  
  43  3:59  Pylon  
  43  4:00  Probe  
  43  4:10  Probe  
  43  4:12  Stalker x2  
  43  4:14  Probe  
  49  4:18  Assimilator, Observer  
  49  4:22  Probe  
  51  4:26  Probe  
  52  4:32  Stalker  
  52  4:37  Stalker  
  56  4:40  Nexus  
  57  4:46  Observer  
  57  4:47  Stalker  
  57  4:51  Pylon  
  59  4:57  Robotics Bay  
  59  4:59  Forge  
  59  5:02  Probe x2  
  62  5:07  Observer  
  62  5:12  Stalker, Pylon  
  62  5:14  Probe  
  65  5:22  Probe  
  65  5:25  Observer  
  65  5:26  Probe  
  67  5:31  Stalker x2  
  67  5:34  Probe, Charge (Chrono Boost)  
  72  5:38  Probe  
  73  5:45  Extended Thermal Lance (Chrono Boost)  
  73  5:46  Probe  
  74  5:50  Probe  
  74  5:53  Probe  
  74  5:55  Colossus (Chrono Boost)  
  76  5:58  Probe  
  76  6:00  Observer  
  84  6:04  Probe  
  84  6:05  Probe  
  84  6:06  Protoss Ground Weapons Level 1  
  85  6:12  Gateway  
  85  6:15  Gateway  
  85  6:16  Probe  
  85  6:18  Gateway  
  88  6:24  Gateway  
  88  6:25  Gateway  
  86  6:35  Pylon  
  86  6:38  Colossus (Chrono Boost)  
  86  6:39  Photon Cannon  
  92  6:41  Probe  
  93  6:48  Pylon  
  93  6:51  Pylon  
  93  6:53  Probe x3  
  96  6:55  Zealot x2  
  96  6:58  Photon Cannon  
  96  7:00  Pylon  
  100  7:04  Assimilator  
  100  7:05  Probe  
  100  7:07  Probe x2  
  103  7:09  Assimilator  
  103  7:11  Zealot, Sentry x2  
  109  7:15  Pylon  
  107  7:31  Zealot x3  
  107  7:32  Zealot x3  
  107  7:33  Observer  
  107  7:34  Stalker x2  
  123  7:38  Shield Battery  
  123  7:40  Colossus (Chrono Boost)  
  129  7:46  Pylon x2  
  129  7:56  Zealot x2  
  125  8:08  Zealot x5  
  133  8:13  Robotics Facility  
  133  8:20  Nexus, Warp Prism (Chrono Boost)  
  133  8:21  Protoss Ground Weapons Level 2 (Chrono Boost)  
  133  8:23  Stalker x2  
  133  8:26  Probe x3  
  142  8:34  Pylon  
  142  8:36  Forge  
  142  8:41  Stalker x2  
  142  8:46  Pylon  
  146  8:54  Stalker x3  
  146  8:55  Stalker  
  154  8:58  Dark Shrine  
  154  9:00  Disruptor (Chrono Boost)  
  154  9:02  Protoss Ground Armor Level 1  
  154  9:03  Disruptor (Chrono Boost)  
  154  9:09  Probe x3  
  163  9:21  Probe x2  
  165  9:27  Pylon  
  165  9:31  Probe, Disruptor (Chrono Boost)  
  165  9:33  Disruptor (Chrono Boost)  
  172  9:38  Zealot x2  
  172  9:39  Zealot x2  
  172  9:44  Pylon  
  172  9:45  Assimilator  
  180  9:49  Zealot x3  
  180  9:50  Assimilator  
  180  9:51  Pylon  
  186  10:04  Pylon  
  186  10:05  Stalker x3  
  195  10:14  Photon Cannon, Disruptor (Chrono Boost)  
  195  10:19  Gateway  
  195  10:20  Gateway  
  195  10:22  Gateway  
  195  10:31  Disruptor (Chrono Boost)  
  188  10:42  Stalker  
  188  10:43  Stalker x5  
  200  10:50  Nexus  
  200  10:52  Photon Cannon  
  200  10:54  Shield Battery  
  200  10:55  Photon Cannon  
  200  10:56  Shield Battery  
  200  11:03  Templar Archives  
  200  11:28  Gateway x2  
  200  11:31  Gateway  
  198  11:33  Gateway  
  186  11:53  Stalker x5  
  190  11:54  Stalker x4  
Show
View Real Time Build Order
Export as new Build Order

NeO Terran 

Build Orders: Reaper Expand 

Get SALT Encoding   

  12  0:00  SCV  
  13  0:12  SCV  
  14  0:17  Supply Depot  
  14  0:24  SCV  
  15  0:38  SCV  
  15  0:40  Barracks  
  16  0:45  Refinery  
  16  0:50  SCV  
  17  1:02  SCV  
  18  1:15  SCV  
  19  1:27  Orbital Command  
  19  1:28  Reaper  
  20  1:42  Command Center  
  20  1:53  SCV, Supply Depot  
  21  2:04  Marine  
  21  2:06  Factory  
  22  2:11  SCV  
  23  2:20  Bunker  
  23  2:21  Marine  
  24  2:25  Refinery  
  24  2:27  SCV  
  25  2:39  SCV  
  26  2:45  Barracks Reactor  
  26  2:51  SCV, Widow Mine  
  28  2:53  Orbital Command  
  29  3:03  SCV  
  30  3:05  Starport  
  30  3:12  Factory Tech Lab  
  30  3:15  SCV  
  31  3:27  SCV x2  
  32  3:38  Siege Tank  
  32  3:39  Marine, SCV  
  37  3:41  Marine  
  37  3:45  SCV  
  37  3:46  Supply Depot  
  39  3:51  Medivac  
  39  3:54  Barracks  
  41  3:58  Marine  
  41  3:59  Barracks  
  42  4:04  SCV  
  42  4:07  SCV  
  44  4:15  Siege Tank  
  44  4:16  Marine x2  
  49  4:18  SCV  
  49  4:20  SCV, Bunker  
  51  4:27  Starport Tech Lab  
  51  4:31  Refinery  
  52  4:32  Supply Depot  
  52  4:35  Supply Depot  
  51  4:39  Marine x2  
  51  4:42  SCV  
  51  4:45  Supply Depot  
  54  4:56  SCV x2  
  54  4:59  Raven  
  58  5:01  Barracks Tech Lab  
  58  5:07  Supply Depot  
  58  5:08  SCV x2  
  58  5:10  Engineering Bay  
  58  5:12  Marine x2  
  62  5:17  Stimpack  
  62  5:19  Marine x2, Factory Reactor  
  62  5:20  SCV  
  63  5:23  Barracks  
  63  5:25  Barracks  
  63  5:30  Combat Shield  
  63  5:31  Marine  
  63  5:33  Marine  
  65  5:36  SCV x2  
  65  5:37  Marauder  
  65  5:41  Terran Infantry Weapons Level 1  
  69  5:43  Refinery  
  69  5:46  Marine  
  69  5:48  SCV  
  69  5:49  Marine  
  72  5:51  SCV  
  72  5:54  Supply Depot  
  72  5:55  Supply Depot  
  73  5:58  Marine x2  
  73  6:01  SCV  
  73  6:03  Starport Reactor  
  76  6:06  SCV  
  77  6:13  SCV  
  78  6:19  Supply Depot  
  78  6:21  Marauder x2, Marine x2, Barracks Reactor  
  78  6:25  Marauder, Concussive Shells  
  85  6:39  Medivac x2, Marine x2  
  91  6:43  Marauder x2  
  95  6:47  Supply Depot  
  95  6:48  Marine  
  95  6:50  Supply Depot  
  96  6:55  Factory Reactor  
  96  6:56  Marine  
  97  7:04  Marauder  
  97  7:06  Marauder x2  
  103  7:09  Medivac x2  
  103  7:10  Marine  
  108  7:19  Marine  
  106  7:25  Marauder  
  106  7:27  Marauder, Marine  
  106  7:28  Marauder  
  112  7:35  Marine x2, Widow Mine x2  
  116  7:44  Marine  
  116  7:45  Marine  
  116  7:47  Marauder  
  116  7:51  Terran Infantry Armor Level 1  
  120  7:52  Command Center  
  120  7:53  Marine  
  102  8:07  Marauder  
  102  8:08  Marauder, Marine  
  102  8:10  Marine x2  
  102  8:11  Marauder  
  107  8:13  Widow Mine x2  
  111  8:27  Marine x2  
  111  8:28  Marauder  
  111  8:29  Marauder, Viking  
  111  8:34  Viking  
  121  8:36  Marauder  
  121  8:37  SCV  
  124  8:42  Marine  
  124  8:47  Engineering Bay  
  125  8:51  Armory  
  125  8:54  Marine  
  126  9:03  Marine x2  
  126  9:04  Marauder, Viking  
  126  9:06  Viking  
  126  9:09  Marine x2  
  135  9:13  Marine  
  135  9:14  Marine  
  138  9:18  Supply Depot  
  138  9:22  Supply Depot  
  138  9:25  Marauder  
  138  9:28  Orbital Command  
  140  9:35  Marine  
  141  9:40  Terran Infantry Weapons Level 2, Marine  
  141  9:43  SCV  
  145  9:49  Marine  
  145  9:50  Viking, Supply Depot  
  146  9:55  Viking  
  148  10:09  Marauder x2, Marine x2  
  148  10:14  Ghost Academy  
  154  10:15  Marauder, Marine x2  
  154  10:20  Viking  
  160  10:32  Marauder x2, Marine, Missile Turret  
  160  10:34  Missile Turret  
  160  10:35  Missile Turret, Supply Depot  
  165  10:39  Missile Turret  
  165  10:53  Supply Depot  
  165  10:56  Marine, Ghost  
  171  10:57  SCV x3  
  171  11:06  Ghost  
  173  11:11  Supply Depot  
  173  11:14  SCV x3, Ghost  
  173  11:15  Viking  
  167  11:21  Marine x2  
  167  11:23  Viking  
  171  11:26  SCV  
  171  11:31  Sensor Tower  
Tags
 
Add a new tag
Caveats
  • Supply blocks, unpowered buildings, or Contaminate may cause inaccurate times.
  • Supply counts are checked every 10 seconds.